 Dungeon Crawl Stone Soup version 0.30-a0-373-gd37427bb62 (webtiles) character file.

Game seed: 4176619542725727697

117 qeuew the Trooper (level 4, -2/37 HPs)
             Began as a Demonspawn Monk on Nov 24, 2022.
             Slain by Ijyb
             ... wielding a +0 dagger
              (6 damage)
             ... on level 3 of the Dungeon.
             The game lasted 00:05:19 (1997 turns).

qeuew the Trooper (Demonspawn Monk)                 Turns: 1997, Time: 00:05:20

Health: -2/37      AC:  3    Str: 13    XL:     4   Next: 71%
Magic:  4/4        EV: 12    Int: 12    God:
Gold:   174        SH:  0    Dex: 15    Spells: 3/3 levels left

rFire   + . .      SeeInvis .    a - +0 hand axe
rCold   . . .      Faith    .    (no shield)
rNeg    . . .      Spirit   .    n - +0 leather armour
rPois   .          Reflect  .    (helmet restricted)
rElec   .          Harm     .    (no cloak)
rCorr   .          Rampage  .    (no gloves)
Will    .....      Rnd*Tele +    (no boots)
Stlth   ++........               (no amulet)
HPRegen 0.26/turn                j - ring of protection from fire
MPRegen 0.09/turn                (no ring)

@: no status effects
A: claws 1, beak, hooves 1, passive freeze, teleportitis 1
a: no special abilities


You were on level 3 of the Dungeon.
You visited 1 branch of the dungeon, and saw 3 of its levels.

You collected 174 gold pieces.

Inventory:

Hand Weapons
 a - a +0 hand axe (weapon)
Armour
 n - a +0 leather armour (worn)
Jewellery
 j - a ring of protection from fire (left claw)
Potions
 f - 2 potions of flight


   Skills:
 + Level 3.7 Fighting
 + Level 3.4 Axes
 + Level 1.7 Armour
 + Level 3.4 Dodging
 - Level 1.7 Stealth


You had 3 spell levels left.
You didn't know any spells.
Your spell library contained the following spells:

 Spells                   Type           Power      Damage    Failure   Level
 Shock                    Conj/Air       0%         1d3       38%         1
 Gell's Gravitas          Tloc           0%         N/A       77%         3
 Lesser Beckoning         Tloc           0%         N/A       77%         3
 Swiftness                Air            0%         N/A       77%         3
 Teleport Other           Tloc           0%         N/A       77%         3
 Airstrike                Air            0%         2d(0-16)  99%         4
 Passage of Golubria      Tloc           0%         N/A       99%         4
 Silence                  Hex/Air        0%         N/A       100%        5
 Lehudib's Crystal Spear  Conj/Erth      0%         10d2      100%        8


Dungeon Overview and Level Annotations

Branches:
Dungeon (3/15)

Altars:

Shops:
D:2 (?=

Annotations:
D:3 Ijyb, Robin


Innate Abilities, Weirdness & Mutations

You have sharp fingernails.
You have a beak for a mouth.
You have large cloven feet.
A frigid envelope surrounds you and freezes all who hurt you.
You are occasionally teleported next to monsters.


Message History

You kill the goblin!
Ijyb screams, "Die!"
Ijyb zaps a wand.
Your mind is blasted!
The hobgoblin closely misses you.
Things that are here:
a +0 club; a +0 dagger; a goblin corpse You are too injured to fight recklessly!
You are too injured to fight recklessly!
You feel better. The hobgoblin completely misses you.
You barely miss the hobgoblin. You hit the hobgoblin but do no damage.
You hit the hobgoblin. The hobgoblin hits you.
The hobgoblin is very cold.
The hobgoblin is severely wounded.
The hobgoblin hits you but does no damage.
The hobgoblin is very cold.
The hobgoblin is heavily wounded.
The hobgoblin hits you.
The hobgoblin is very cold.
The hobgoblin is lightly wounded.
Robin throws Ijyb at you! Ijyb hits you with a +0 dagger.
* * * LOW HITPOINT WARNING * * *
You hit Ijyb but do no damage. You kick Ijyb, but do no damage. You peck Ijyb.
Ijyb is lightly wounded.
You barely miss the hobgoblin. You hit the hobgoblin.
You hit the hobgoblin but do no damage.
Ijyb zaps a wand.
Your mind is blasted!
* * * LOW HITPOINT WARNING * * *
The hobgoblin barely misses you. x2
You closely miss Ijyb. You kick Ijyb, but do no damage.
You peck Ijyb, but do no damage.
Ijyb is lightly wounded.
You completely miss the hobgoblin. You barely miss the hobgoblin. x2
You hit the dart slug. The hobgoblin closely misses you.
The hobgoblin barely misses you. The hobgoblin hits you.
* * * LOW HITPOINT WARNING * * *
The hobgoblin is very cold.
You kill the hobgoblin!
Ijyb barely misses you. The dart slug closely misses you.
You hit the hobgoblin.
You kill the hobgoblin!
You hit Ijyb but do no damage. You hit the hobgoblin.
You hit Robin but do no damage. You hit the dart slug.
Ijyb hits you with a +0 dagger.
You die...

...... ...... # ......
.# # #..# ....#.####.#
###. #..#
#..<.......#...#.##..#
...................>.#
#..g).....# .....#
####.g@##### #...#
......w)g)..# #...#
###########.# ####..<#
#.....#.# #......#
#...†...###.###..#
#[..###.#.....# #..# #
#.#.#.#.# #..#
#.#.#.#.# #..#
....#.#.# #..#


You could see Ijyb (strong), Robin, a dart slug and a hobgoblin (strong).

Vanquished Creatures
  3 adders (D:2)
  A worm (D:1)
  2 dart slugs
  6 endoplasms
  12 giant cockroaches
  12 goblins
  9 hobgoblins
  7 jackals (D:1)
  2 quokkas (D:1)
  2 ball pythons
  3 bats
  3 frilled lizards (D:1)
  4 kobolds
  9 rats
75 creatures vanquished.

Notes
Turn   | Place    | Note
-------+----------+-------------------------------------------
     0 | D:1      | qeuew the Demonspawn Monk began the quest for the Orb.
     0 | D:1      | Reached XP level 1. HP: 18/18 MP: 1/1
     1 | D:1      | Found a runed translucent door.
   263 | D:1      | Gained mutation: You have sharp fingernails. [demonic
                  | ancestry]
   263 | D:1      | Reached XP level 2. HP: 22/24 MP: 2/2
   860 | D:1      | Reached skill level 1 in Armour
  1017 | D:1      | Reached XP level 3. HP: 26/29 MP: 3/3
  1185 | D:1      | Gained mutation: You have a pair of small antennae on your
                  | head. [potion of mutation]
  1185 | D:1      | Gained mutation: You are agile. (Dex +4, Str/Int -1)
                  | [potion of mutation]
  1185 | D:1      | Gained mutation: Your body sometimes deteriorates upon
                  | taking damage. [potion of mutation]
  1185 | D:1      | Gained mutation: You have very sharp teeth. [potion of
                  | mutation]
  1212 | D:2      | Found Wiud's Antique Weapon Boutique.
  1216 | D:2      | Lost mutation: You have a pair of small antennae on your
                  | head. [potion of mutation]
  1216 | D:2      | Lost mutation: You are agile. (Dex +4, Str/Int -1) [potion
                  | of mutation]
  1216 | D:2      | Lost mutation: Your body sometimes deteriorates upon taking
                  | damage. [potion of mutation]
  1216 | D:2      | Gained mutation: You have large cloven feet. [potion of
                  | mutation]
  1216 | D:2      | Gained mutation: You sometimes lose your temper in combat.
                  | [potion of mutation]
  1217 | D:2      | Lost mutation: You have very sharp teeth. [potion of
                  | mutation]
  1217 | D:2      | Lost mutation: You sometimes lose your temper in combat.
                  | [potion of mutation]
  1217 | D:2      | Gained mutation: You have a beak for a mouth. [potion of
                  | mutation]
  1217 | D:2      | Gained mutation: You are occasionally teleported next to
                  | monsters. [potion of mutation]
  1217 | D:2      | Gained mutation: A frigid envelope surrounds you and
                  | freezes all who hurt you. [potion of mutation]
  1264 | D:2      | Found Piufoh's Distillery.
  1409 | D:2      | Found Fysekeb's Jewellery Emporium.
  1448 | D:2      | Reached XP level 4. HP: 31/35 MP: 4/4
  1544 | D:2      | Found Omorchef's Magic Scroll Emporium.
  1986 | D:3      | Noticed Robin
  1987 | D:3      | Noticed Ijyb
  1997 | D:3      | Slain by Ijyb

Illustrated notes

Levels and vault maps discovered:
D:1:      dpeg_arrival_caged_fury, layout_basic
D:2:      minmay_chambers_of_twos, layout_loops_ring, serial_shops, shop_statue,
          shop, nicolae_shop_behind_doors, shop
D:3:      layout_basic, mainiacjoe_overflow_brackets,
          nicolae_overflow_hidden_temple, gammafunk_ghost_arena, uniq_robin,
          uniq_crazy_yiuf_cottage, uniq_ijyb, uniq_terence

Skill      XL: |  1  2 |
---------------+-------+-----
Dodging        | 3 |  3.4
Axes           | 3 |  3.4
Armour         | 1 |  1.7
Fighting       | |  3.7
Stealth        | |  1.7

Action                   |  1- 3 |  4- 6 || total
-------------------------+-------+-------++-------
Melee: Hand axe          |   154 |    23 ||   177
       Punch             |     1 |       ||     1
       Kick              |     4 |     6 ||    10
       Peck              |     3 |     4 ||     7
  Use: Potion            |     6 |     1 ||     7
       Scroll            |     5 |     2 ||     7
 Stab: Sleeping          |     5 |     2 ||     7
Armor: Robe              |     7 |       ||     7
       Leather armour    |    31 |     8 ||    39
Dodge: Dodged            |   127 |    19 ||   146

Table legend: (Time is in decaauts)
 A = Elapsed time spent in this place.
 B = Non-inter-level travel time spent in this place.
 C = Inter-level travel time spent in this place.
 D = Time resting spent in this place.
 E = Time spent auto-exploring this place.
 F = Levels seen in this place.
 G = Mean time per level.
                   A        B        C        D        E       F      G
               +--------+--------+--------+--------+--------+-----+--------+
         Total |   2021 |   1924 |     97 |    101 |   1394 |   3 |  673.7 |
       Dungeon |   2021 |   1924 |     97 |    101 |   1394 |   3 |  673.7 |
               +--------+--------+--------+--------+--------+-----+--------+

Top non-repeatable levels by time:
     D:1: 1231 daAuts
     D:2: 758 daAuts
     D:3: 31 daAuts
